 Dungeon Crawl Stone Soup version 0.17-a0-1447-g3d113ad (console) character file.

205 lauthentik the Covert (level 5, -7/39 HPs)
             Began as a Vampire Assassin on June 29, 2015.
             Killed from afar by Natasha (8 damage)
             ... with a magic dart
             ... on level 4 of the Dungeon.
             The game lasted 00:10:32 (2651 turns).

lauthentik the Covert (Vampire Assassin)            Turns: 2651, Time: 00:10:32

Health: -7/39      AC:  4    Str:  9 (10) XL:     5   Next: 53%
Magic:  5/5        EV: 13    Int: 14      God:
Gold:   121        SH:  4    Dex: 16      Spells: 0 memorised, 4 levels left

rFire  . . .     SeeInvis +     a - +2 dagger
rCold  + . .     Clarity  .     c - +0 robe
rNeg   + + .     SustAt   .     x - +0 buckler
rPois  +         Gourm    .     l - +0 helmet
rElec  .         Spirit   .     m - +0 cloak
rCorr  .         Warding  .     (no gloves)
rMut   .         Rnd*Tele +     (no boots)
MR     .....                    (no amulet)
Stlth  +++++.....               (no ring)
                                y - ring of teleportation (curse)

@: very slightly contaminated, regenerating slowly, not resistant to hostile
enchantments, quite stealthy
A: fangs 3, see invisible, unbreathing
a: Bat Form, Evoke Teleportation


You were on level 4 of the Dungeon.
You were very thirsty.

You visited 1 branch of the dungeon, and saw 4 of its levels.

You collected 121 gold pieces.

Inventory:

Hand weapons
 a - a +2 dagger (weapon)
 b - a +0 blowgun
Missiles
 e - 21 poisoned needles
 f - 2 curare-tipped needles
 o - 2 throwing nets
 v - 4 javelins of returning (quivered)
Armour
 c - a +0 robe (worn)
 d - a +0 cloak
 l - a +0 helmet (worn)
 m - a +0 cloak (worn)
 x - a +0 buckler (worn)
Jewellery
 y - a cursed ring of teleportation (left hand)
 z - an uncursed ring of ice
 B - a +4 ring of strength {unknown}
Scrolls
 h - 2 scrolls of enchant armour {unknown}
 i - a scroll of recharging {unknown}
 j - 3 scrolls of identify {unknown}
 q - a scroll of remove curse {unknown}
 s - a scroll of fog {unknown}
 w - a scroll of teleportation {unknown}
 A - a scroll of immolation {unknown}
Potions
 g - 3 potions of blood
 k - a potion of curing
 t - a potion of resistance {unknown}
 u - 2 potions of might


   Skills:
 + Level 2.4 Fighting
 + Level 2.7 Short Blades
 + Level 1.6 Throwing
 + Level 3.2 Dodging
 + Level 8.3 Stealth
 + Level 0.5 Shields


You had 4 spell levels left.
You didn't know any spells.

Dungeon Overview and Level Annotations

Branches:
Dungeon (4/15)
 Temple: D:4-7

Altars:
Ru

Annotations:
D:4 Natasha, Robin


Innate Abilities, Weirdness & Mutations

You heal slowly.
You have razor-sharp teeth.
You have supernaturally acute eyesight.
You can survive without breathing.


Message History

The orc wizard shouts!
The orc shouts!
Natasha casts a spell.
You hit Natasha.
Natasha is moderately wounded.
Natasha casts a spell at you. The magic dart hits you!
* * * LOW HITPOINT WARNING * * *
An orc priest comes into view. It is wielding a flail.
You hit Natasha but do no damage.
Natasha is moderately wounded.
The bat closely misses you. Natasha barely misses you.
You block the orc's attack.
A bat comes into view.
Drink which item? (? for menu, Esc to quit)
Okay, then.
Use which ability? (? or * to list)
You fail to use your ability.
The bat barely misses you. Natasha casts a spell at you.
The magic dart hits you!
You die...

.. ...............
..........#.o#...# .
.?.......#o.#.b.#..
..#..##.##o.......
####........... ....
###..$...#..#o.# ....#
......##(#.#.bo#S....#
#.........$.@h5.....
.##
#...#.......##....b.
... # #............##.
. .? #........#...#
..### #.....#..# ###
..... #.....#..# #....
#.....#...# #..
#####.#.#.. #.. .#
.....


You could see an orc priest, an orc wizard, Natasha, an adder, a white imp, 3
orcs and 2 bats.

Vanquished Creatures
  A centaur skeleton (D:4)
  Jessica (D:3)
  8 adders
  An ooze (D:2)
  A worm (D:3)
  2 giant geckos
  2 ball pythons (D:2)
  3 giant cockroaches
  8 goblins
  12 hobgoblins
  4 jackals (D:2)
  6 bats
  4 giant newts
  5 kobolds
  2 quokkas (D:3)
  5 rats
65 creatures vanquished.

Notes
Turn   | Place    | Note
--------------------------------------------------------------
     0 | D:1      | lauthentik the Vampire Assassin began the quest for the Orb.
     0 | D:1      | Reached XP level 1. HP: 16/16 MP: 1/1
    64 | D:1      | Reached skill level 6 in Stealth
   133 | D:1      | Reached XP level 2. HP: 17/22 MP: 2/2
   889 | D:2      | Reached skill level 7 in Stealth
   902 | D:2      | Reached XP level 3. HP: 15/27 MP: 3/3
   939 | D:2      | HP: 1/27 [poisoned by an adder]
  1292 | D:2      | Reached XP level 4. HP: 14/33 MP: 4/4
  1892 | D:3      | Noticed Jessica
  1907 | D:3      | Killed Jessica
  1907 | D:3      | Reached skill level 8 in Stealth
  1997 | D:3      | Found a sacrificial altar of Ru.
  2037 | D:3      | Reached XP level 5. HP: 26/38 MP: 5/5
  2601 | D:4      | Noticed Robin
  2640 | D:4      | Noticed Natasha
  2649 | D:4      | HP: 1/39 [Natasha/magic dart (8)]
  2651 | D:4      | Killed from afar by Natasha

Vault maps used:
D:1:      sevenhm_arrival_forest_fort_large_4
D:3:      hangedman_ru_absence, uniq_jessica
D:4:      fedhas_bush_and_centaur_altar, uniq_natasha, uniq_robin

Action                   |  1- 3 |  4- 6 || total
-------------------------+-------+-------++-------
Melee: Dagger            |    85 |   140 ||   225
       Long sword        |     5 |       ||     5
Throw: Javelin           |       |     8 ||     8
       Throwing net      |       |     1 ||     1
  Use: Potion            |     3 |     2 ||     5
 Stab: Sleeping          |    17 |     9 ||    26
